 Dungeon Crawl Stone Soup version 0.17.2 (webtiles) character file.

8508 Goblin1989 the Severer (level 11, -5/97 HPs)
             Began as a Hill Orc Gladiator on May 28, 2016.
             Was a High Priest of Makhleb.
             Slain by an orc warrior
             ... wielding a +0 trident
              (13 damage)
             ... on level 11 of the Dungeon.
             The game lasted 00:51:54 (10923 turns).

Goblin1989 the Severer (Hill Orc Gladiator)        Turns: 10923, Time: 00:51:54

Health: -5/97      AC: 13    Str: 22    XL:     11   Next: 32%
Magic:  20/20      EV: 10    Int:  8    God:    Makhleb [*****.]
Gold:   237        SH:  0    Dex: 11    Spells: 0 memorised, 10 levels left

rFire  . . .     SeeInvis +     A - +0 battleaxe
rCold  . . .     Clarity  .     v - +0 plate armour
rNeg   + . .     SustAt   .     (shield currently unavailable)
rPois  +         Gourm    .     c - +0 helmet
rElec  .         Spirit   .     (no cloak)
rCorr  .         Warding  +     (no gloves)
rMut   .         Stasis   .     (no boots)
MR     .....                    g - amulet of warding {Ward, rN+, !d}
Stlth  ..........               k - +3 ring of evasion
                                a - ring of poison resistance {rPois, !d}

@: very slightly contaminated, hasted, very quick, not resistant to hostile
enchantments, extremely unstealthy
A: see invisible, robust 1, subdued magic 1
a: Minor Destruction, Lesser Servant of Makhleb, Major Destruction, Greater
Servant of Makhleb, Renounce Religion, Convert to Beogh


You were on level 11 of the Dungeon.
You worshipped Makhleb.
Makhleb was extremely pleased with you.
You were hungry.

You visited 1 branch of the dungeon, and saw 11 of its levels.

You collected 591 gold pieces.
You spent 354 gold pieces at shops.

Inventory:

Hand Weapons
 A - a +0 battleaxe (weapon)
Missiles
 D - a throwing net (quivered) {=f, !d}
Armour
 c - a +0 helmet (worn)
 v - a +0 plate armour (worn)
Jewellery
 a - a ring of poison resistance (left hand) {rPois, !d}
 g - an amulet of warding (around neck) {Ward, rN+, !d}
 k - a +3 ring of evasion (right hand)
 m - an uncursed ring of ice {rC+, rF-}
Wands
 d - a wand of enslavement (18)
 f - a wand of heal wounds (0)
 u - a wand of disintegration (2)
 x - a wand of digging (12)
 y - a wand of random effects (21)
Scrolls
 h - 2 scrolls of magic mapping {!r}
 i - 8 scrolls of identify
 j - a scroll of remove curse
 o - a scroll of summoning
 p - 2 scrolls of teleportation
 q - a scroll of blinking {!r}
 r - a scroll of enchant weapon
 s - 4 scrolls of amnesia
 t - 2 scrolls of immolation {unknown}
 E - 2 scrolls of brand weapon {unknown}
Potions
 l - 2 potions of ambrosia {!q}
 n - 2 potions of curing
 w - 2 potions of flight
Miscellaneous
 G - a box of beasts
Comestibles
 b - 8 meat rations
 e - 5 bread rations
 z - a slice of pizza
 C - 3 chunks of flesh
 F - 27 fruits


   Skills:
 - Level 6.2 Fighting
 - Level 15.9 Axes
 - Level 1.7 Throwing
 - Level 4.9 Armour
 - Level 2.4 Dodging
 + Level 12.2 Invocations


You had 10 spell levels left.
You didn't know any spells.

Dungeon Overview and Level Annotations

Branches:
Dungeon (11/15)            Temple (0/1) D:7            Lair (0/8) D:10
    Orc (0/4) D:10

Altars:
Ashenzari
Cheibriados
Dithmenos
Elyvilon
Makhleb
Nemelex Xobeh
Okawaru
Qazlal
Sif Muna
Trog
Xom
Zin

Shops:
D:8 (   D:10 =

Annotations:
D:8 Goblin1989's ghost, novice DsMo
D:9 mrath's ghost, novice HOAK


Innate Abilities, Weirdness & Mutations

You have supernaturally acute eyesight.
You are robust (+10% HP).
Your spells are a little easier to cast, but a little less powerful.


Message History

You are very lightly contaminated with residual magic.
You miss the wolf. The wolf bites you but does no damage.
You completely miss the wolf. The wolf closely misses you.
You slash the wolf!
The orc warrior hits you from afar with a trident!
* * * LOW HITPOINT WARNING * * *
The wolf bites you but does no damage.
You slash the wolf!
You kill the wolf!
Makhleb accepts your kill.
You feel better. The orc warrior barely misses you.
You barely miss the orc warrior.
The orc warrior hits you with a trident!
* * * LOW HITPOINT WARNING * * *
Read which item? (? for menu, Esc to quit)
As you read the scroll of summoning, it crumbles to dust.
Wisps of shadow whirl around you...
The orc warrior hits you from afar with a trident!
You die...

....#......#.......#
...#......#.^.....#
#..#......#....#..#
#..#......'....#..#
o..##..#h.....#....#..#
.....oo#......#....#..#
#o#######.......#
##.######.[.....#
#.@..o.#.......#
#Zo.o..#.......#
#......#..._...#
#...o..#.......#
#......#.......#
#......#.......#
#......#.......#
#......#.......#


You could see an orc warrior, an orc priest, an orc, a friendly orc warrior, a
friendly orc priest, 2 friendly orc wizards and a friendly hound zombie.

Vanquished Creatures
  Pikel (D:4)
  Joseph (D:8)
  2 trolls
  Grinder (D:5)
  13 yaks
  A deep elf mage (D:11)
  2 hippogriffs (D:8)
  4 wolves (D:11)
  Grum (D:11)
  A hungry ghost (D:7)
  2 wargs (D:10)
  3 orc warriors
  A phantom (D:6)
  2 sky beasts
  6 ogres
  A centaur (D:9)
  2 gnoll sergeants
  2 big kobolds
  6 giant frogs
  A scorpion (D:9)
  A water moccasin skeleton (D:7)
  3 wights (D:8)
  3 killer bees (D:8)
  6 crimson imps
  A jelly (D:6)
  A giant frog zombie (D:8)
  A gnoll shaman (D:4)
  7 hounds
  2 giant frog skeletons
  3 iguanas
  4 orc priests
  5 orc wizards
  5 worker ants
  2 hound skeletons
  13 gnolls
  Robin (D:4)
  8 adders
  2 shadow imps
  An ooze (D:3)
  4 worms
  A giant gecko (D:2)
  43 orcs
  5 ball pythons
  10 bats
  8 giant cockroaches
  9 hobgoblins
  6 kobolds
  2 quokkas
  3 giant gecko skeletons
  8 giant newts
  18 goblins
  9 rats
248 creatures vanquished.

Vanquished Creatures (collateral kills)
  3 killer bees (D:8)
3 creatures vanquished.

Vanquished Creatures (others)
  Edmund (D:4)
  A slave (D:4)
  A worker ant (D:4)
  An adder (D:4)
  A gnoll (D:4)
  An orc (D:4)
  A quokka (D:4)
7 creatures vanquished.

Grand Total: 258 creatures vanquished

Notes
Turn   | Place    | Note
--------------------------------------------------------------
     0 | D:1      | Goblin1989 the Hill Orc Gladiator began the quest for the Orb.
     0 | D:1      | Reached XP level 1. HP: 18/18 MP: 1/1
   109 | D:1      | Reached XP level 2. HP: 23/25 MP: 2/2
   250 | D:1      | Reached skill level 5 in Axes
   680 | D:1      | Reached XP level 3. HP: 30/30 MP: 3/3
  1075 | D:2      | Found a shattered altar of Ashenzari.
  1174 | D:2      | Reached skill level 6 in Axes
  1763 | D:2      | Reached XP level 4. HP: 37/37 MP: 4/4
  1771 | D:2      | Found a burning altar of Makhleb.
  1778 | D:2      | Became a worshipper of Makhleb the Destroyer
  1789 | D:2      | Found a shadowy altar of Dithmenos.
  1887 | D:2      | Found a glowing silver altar of Zin.
  1901 | D:2      | Found a white marble altar of Elyvilon.
  2274 | D:3      | Reached * piety under Makhleb
  2283 | D:3      | Reached skill level 7 in Axes
  2459 | D:3      | Reached XP level 5. HP: 42/42 MP: 5/5
  2594 | D:3      | Found a bloodstained altar of Trog.
  2654 | D:3      | Reached ** piety under Makhleb
  3040 | D:4      | Noticed an ogre
  3045 | D:4      | Killed an ogre
  3045 | D:4      | Reached skill level 8 in Axes
  3045 | D:4      | Reached XP level 6. HP: 50/50 MP: 6/6
  3121 | D:4      | Noticed Edmund
  3122 | D:4      | Noticed Pikel
  3122 | D:4      | Noticed a slave
  3135 | D:4      | Noticed a slave
  3144 | D:4      | Noticed a slave
  3149 | D:4      | Killed Pikel
  3149 | D:4      | Reached skill level 11 in Axes
  3149 | D:4      | Reached XP level 7. HP: 31/56 MP: 7/7
  3160 | D:4      | Killed Edmund
  3190 | D:4      | Killed a freed slave
  3367 | D:4      | Reached XP level 8. HP: 62/62 MP: 8/8
  3408 | D:4      | Noticed Robin
  3425 | D:4      | Killed Robin
  3425 | D:4      | Reached skill level 12 in Axes
  3440 | D:4      | Reached *** piety under Makhleb
  3932 | D:4      | Noticed an ogre
  3944 | D:4      | Killed an ogre
  3944 | D:4      | Reached skill level 1 in Invocations
  4200 | D:5      | Entered Level 5 of the Dungeon
  4201 | D:5      | Found a shattered altar of Ashenzari.
  4246 | D:5      | Noticed Grinder
  4250 | D:5      | Paralysed by Grinder for 5 turns
  4266 | D:5      | Paralysed by Grinder for 7 turns
  4281 | D:5      | Killed Grinder
  4281 | D:5      | Reached skill level 13 in Axes
  4640 | D:5      | Reached XP level 9. HP: 68/68 MP: 11/11
  4658 | D:5      | Found a shimmering altar of Xom.
  5098 | D:5      | Found a deep blue altar of Sif Muna.
  5165 | D:6      | Reached skill level 14 in Axes
  5184 | D:6      | Reached skill level 5 in Invocations
  5630 | D:6      | Reached skill level 15 in Axes
  5687 | D:6      | Found a snail-covered altar of Cheibriados.
  5701 | D:6      | Reached **** piety under Makhleb
  6151 | D:6      | Found a sparkling altar of Nemelex Xobeh.
  6400 | D:7      | Reached XP level 10. HP: 57/74 MP: 15/15
  6788 | D:7      | Reached skill level 1 in Armour
  7159 | D:7      | Found a staircase to the Ecumenical Temple.
  7255 | D:7      | Found a stormy altar of Qazlal.
  7488 | D:8      | Reached ***** piety under Makhleb
  7860 | D:8      | Found Dofunur's Antique Weapon Shop.
  7868 | D:8      | Bought a glowing hand axe for 54 gold pieces
  7934 | D:8      | Noticed Joseph
  7948 | D:8      | Killed Joseph
  7948 | D:8      | Reached skill level 5 in Fighting
  8043 | D:8      | Gained mutation: Your spells are a little easier to cast, but a little less powerful. [potion of mutation]
  8043 | D:8      | Gained mutation: You are robust (+10% HP). [potion of mutation]
  8043 | D:8      | Gained mutation: You have supernaturally acute eyesight. [potion of mutation]
  8521 | D:8      | Noticed Goblin1989's ghost (novice DsMo)
  8684 | D:9      | Found an iron altar of Okawaru.
  9093 | D:9      | Noticed mrath's ghost (novice HOAK)
  9798 | D:9      | Reached skill level 10 in Invocations
  9798 | D:9      | Reached XP level 11. HP: 74/97 MP: 18/18
  9931 | D:10     | Entered Level 10 of the Dungeon
 10010 | D:10     | Found Olafo's Jewellery Emporium.
 10018 | D:10     | Bought an uncursed ring of poison resistance for 300 gold pieces
 10027 | D:10     | Found a staircase to the Lair.
 10278 | D:10     | Found a staircase to the Orcish Mines.
 10685 | D:11     | Found a sparkling altar of Nemelex Xobeh.
 10865 | D:11     | Noticed Grum
 10890 | D:11     | Killed Grum
 10923 | D:11     | Slain by an orc warrior

Action                   |  1- 3 |  4- 6 |  7- 9 | 10-12 || total
-------------------------+-------+-------+-------+-------++-------
Melee: War axe           |    96 |   153 |   327 |     2 ||   578
       Battleaxe         |       |       |       |   367 ||   367
Throw: Throwing net      |       |       |     3 |     1 ||     4
Invok: Lesser Servant of |       |       |       |     5 ||     5
Evoke: Wand              |       |       |     9 |     3 ||    12
  Use: Potion            |       |     2 |     7 |     3 ||    12
       Scroll            |       |       |       |    12 ||    12
 Stab: Sleeping          |     1 |       |       |       ||     1
  Eat: Meat ration       |     1 |       |     1 |       ||     2
       Chunk             |       |     2 |     6 |    14 ||    22
       Bread ration      |       |       |       |     2 ||     2
       Royal jelly       |       |       |       |     1 ||     1
       Beef jerky        |       |       |       |     1 ||     1
